 Dungeon Crawl Stone Soup version 0.27-a0-1579-g97d2440184 (webtiles) character file.

Game seed: 13805980994354603412

81 bande the Shield-Bearer (level 4, -2/28 HPs)
             Began as a Gargoyle Fighter on July 18, 2021.
             Killed by divine providence
             ... invoked by an orc priest
              (15 damage)
             ... on level 2 of the Dungeon.
             The game lasted 00:03:17 (1447 turns).

bande the Shield-Bearer (Gargoyle Fighter)          Turns: 1447, Time: 00:03:18

Health: -2/28      AC: 14    Str: 20    XL:     4   Next: 40%
Magic:  4/4        EV:  7    Int:  8    God:
Gold:   46         SH:  9    Dex: 10    Spells: 3/3 levels left

rFire    . . .     SeeInvis .   a - +0 war axe
rCold    + . .     Faith    .   c - +0 kite shield
rNeg     + . .     Spirit   .   b - +0 scale mail
rPois    ∞         Reflect  .   (no helmet)
rElec    +         Harm     .   (no cloak)
rCorr    .         Rampage  .   (no gloves)
Will     .....                  (no boots)
Stlth    ..........             (no amulet)
HPRegen  0.09/turn              e - +4 ring of protection
MPRegen  0.09/turn              f - ring of protection from cold

@: no status effects
A: sickness immunity, AC +3, negative energy resistance 1, electricity
resistance, torment resistance 1, petrification resistance
a: no special abilities


You were on level 2 of the Dungeon.
You visited 1 branch of the dungeon, and saw 2 of its levels.

You collected 46 gold pieces.

Inventory:

Hand Weapons
 a - a +0 war axe (weapon)
Armour
 b - a +0 scale mail (worn)
 c - a +0 kite shield (worn)
Jewellery
 e - a +4 ring of protection (left hand)
 f - a ring of protection from cold (right hand)
Potions
 d - a potion of might
 g - 3 potions of magic {unknown}
 h - a potion of mutation {unknown}
 i - a potion of curing {unknown}


   Skills:
 + Level 3.6 Fighting
 + Level 2.9 Axes
 + Level 3.7 Armour
 + Level 0.6 Dodging
 + Level 3.9 Shields


You had 3 spell levels left.
You didn't know any spells.
Your spell library contained the following spells:

 Spells                   Type           Power      Damage    Failure   Level
 Foxfire                  Conj/Fire      0%         2x1d4     99%         1
 Conjure Flame            Conj/Fire      0%         6-21      100%        3
 Inner Flame              Hex/Fire       0%         N/A       100%        3


Dungeon Overview and Level Annotations

Branches:
Dungeon (2/15)

Altars:


Innate Abilities, Weirdness & Mutations

You are immune to sickness and miasma.
Your stone body is resilient. (AC +3)
You are immune to poison.
You resist negative energy. (rN+)
You are resistant to electric shocks. (rElec)
You are resistant to unholy torment.
You are immune to petrification.


Message History

You kill the orc!
The orc priest barely misses you.
You closely miss the orc priest. You hit the orc.
The orc priest invokes the aid of Beogh against you.
Pain shoots through your body! The orc barely misses you.
You completely miss the orc.
The orc is almost dead.
You slash the orc priest! You block the orc priest's attack.
The orc hits you with a +0 hand axe. The orc priest barely misses you.
You block the orc's attack.
You slash the orc!
You kill the orc!
You barely miss the orc priest.
The orc priest begins to cast a cantrip, but forgets the words!
The orc priest hits you but does no damage.
You closely miss the orc priest.
The orc priest is heavily wounded.
You block the orc priest's attack.
You closely miss the orc priest.
The orc priest is heavily wounded.
The orc priest invokes the aid of Beogh against you.
Pain shoots through your body!
The orc priest hits you but does no damage.
You are too injured to fight recklessly!
You are too injured to fight recklessly!
You are too injured to fight recklessly!
You are too injured to fight recklessly!
You are too injured to fight recklessly!
You are too injured to fight recklessly!
You are too injured to fight recklessly!
You are too injured to fight recklessly!
You are too injured to fight recklessly!
Unknown command.
You slash the orc priest!
The orc priest is almost dead.
The orc priest hits you but does no damage.
The orc priest invokes the aid of Beogh against you.
Beogh smites you!
Ouch! That really hurt!
You die...

,,,,,,,,* #.......####.# *
*******,* ##.....#####.# * *,*
##..........# ***** *,*
#..######### *,,,, *******,* #..#
*,*** ,,,,,,,,* #..# *,* *
********* #..# *,* *
*********#####..########*****,* *
,,,,,,,,........@o......,,,**,***
********.#.####.#)#.....,,,**,,,,
*,*,,,,.......,...,,,******
**,*,*###..#....,.,*,* *
#.#.####..#.8...8,*,*
**###.#.##....#......,*,*
##,,.#.#.##.#..#,.....,*,*
###.**#..#.##.#<.#,......#,*
,...* #(.#.##.##.#.8...8.#,#*****


You could see an orc priest.

Vanquished Creatures
  3 adders (D:2)
  2 dart slugs
  5 orcs (D:2)
  3 ball pythons
  2 endoplasms (D:1)
  3 giant cockroaches
  4 goblins
  2 hobgoblins (D:2)
  3 jackals (D:1)
  2 quokkas (D:1)
  6 bats
  3 frilled lizards (D:1)
  3 kobolds
  4 rats
45 creatures vanquished.

Notes
Turn   | Place    | Note
-------+----------+-------------------------------------------
     0 | D:1      | bande the Gargoyle Fighter began the quest for the Orb.
     0 | D:1      | Reached XP level 1. HP: 14/14 MP: 1/1
   100 | D:1      | Reached XP level 2. HP: 1/19 MP: 2/2
   845 | D:1      | Reached XP level 3. HP: 23/23 MP: 3/3
  1309 | D:2      | Reached XP level 4. HP: 28/28 MP: 4/4
  1447 | D:2      | Killed from afar by an orc priest

Illustrated notes

Levels and vault maps discovered:
D:1:      wander_arrival_lonely_grave, layout_basic, minmay_misc_feat_five
D:2:      cheibrodos_pilgrimage, layout_loops_ring

Skill      XL: |  1  2 |
---------------+-------+-----
Axes           | 2 |  2.9
Fighting       | |  3.6
Armour         | |  3.7
Dodging        | |  0.6
Shields        | |  3.9

Action                   |  1- 3 |  4- 6 || total
-------------------------+-------+-------++-------
Melee: War axe           |   115 |    35 ||   150
  Use: Scroll            |     2 |       ||     2
Armor: Scale mail        |    66 |    35 ||   101
Dodge: Dodged            |    42 |    17 ||    59
Block: Kite shield       |    86 |    19 ||   105

Table legend: (Time is in decaauts)
 A = Elapsed time spent in this place.
 B = Non-inter-level travel time spent in this place.
 C = Inter-level travel time spent in this place.
 D = Time resting spent in this place.
 E = Time spent auto-exploring this place.
 F = Levels seen in this place.
 G = Mean time per level.
                   A        B        C        D        E       F      G
               +--------+--------+--------+--------+--------+-----+--------+
         Total |   1537 |   1518 |     19 |    348 |    801 |   2 |  768.5 |
       Dungeon |   1537 |   1518 |     19 |    348 |    801 |   2 |  768.5 |
               +--------+--------+--------+--------+--------+-----+--------+

Top non-repeatable levels by time:
     D:1: 1062 daAuts
     D:2: 475 daAuts
